 Dungeon Crawl Stone Soup version 0.31-a0-121-g1e386dd289 (webtiles) character file.

Game seed: 10912774771429724349

19653 Gargoyl the Protected (level 12, -9/112 HPs)
             Began as a Gargoyle Berserker on June 1, 2023.
             Was a Priest of Trog.
             Mangled by an 18-headed hydra (12 damage)
             ... on level 4 of the Lair of Beasts.
             The game lasted 00:18:59 (12307 turns).

Gargoyl the Protected (Gargoyle Berserker)         Turns: 12307, Time: 00:19:01

Health: -9/112     AC: 25    Str: 21    XL:     12   Next: 71%
Magic:  12/12      EV: 15    Int:  9    God:    Trog [***...]
Gold:   731        SH:  4    Dex: 16    Spells: 11/11 levels left

rFire   . . .        l - +4 long sword of Jiti {freeze, Dex+3}
rCold   . . .        x - +0 buckler
rNeg    + . .        y - +5 robe of Night {Dark Will+ SInv}
rPois   ∞            c - +2 hat
rElec   +            m - +2 cloak
rCorr   .            v - +2 pair of gloves
SInv    +            (no boots)
Will    +++..        (no amulet) Stlth
                     (no ring)
HPRegen 1.38/turn    (no ring)
MPRegen 0.13/turn

%: no passive effects
@: berserking (expiring), strong-willed, regenerating, very quick
A: sickness immunity, AC +8, negative energy resistance 1, electricity
resistance, torment resistance 1, petrification resistance
a: Renounce Religion, Berserk, Trog's Hand


You were on level 4 of the Lair of Beasts.
You worshipped Trog.
Trog was most pleased with you.
You visited 2 branches of the dungeon, and saw 13 of its levels.

You collected 731 gold pieces.

Inventory:

Hand Weapons
 f - a +2 hand axe of electrocution
 i - a +0 war axe of protection
 l - the +4 long sword of Jiti (weapon) {freeze, Dex+3}
   (You found it on level 2 of the Dungeon)

   Dex:       It affects your dexterity (+3).
Missiles
 g - 16 poisoned darts (quivered)
 j - 2 curare-tipped darts
Armour
 c - a +2 hat (worn)
 m - a +2 cloak (worn)
 v - a +2 pair of gloves (worn)
 x - a +0 buckler (worn)
 y - the +5 robe of Night (worn) {Dark Will+ SInv}
   (You found it on level 8 of the Dungeon)

   Dark:      It shrouds the wearer in darkness, reducing the range at which
   they can see and be seen by others.
   SInv:      It lets you see invisible.
   Will:      It increases your willpower.
Wands
 a - a wand of roots (10)
 n - a wand of flame (19)
 o - a wand of charming (17)
Scrolls
 r - 3 scrolls of poison
 z - a scroll of magic mapping
 B - 4 scrolls of identify
Potions
 b - 2 potions of might
 d - 6 potions of heal wounds
 e - 5 potions of curing
 h - 2 potions of ambrosia
 k - a potion of magic
 q - 2 potions of berserk rage
 s - 2 potions of invisibility
 t - 4 potions of lignification
 u - 3 potions of haste {unknown}
 w - 2 potions of mutation {unknown}
 C - a potion of resistance {unknown}


   Skills:
 + Level 8.3 Fighting
 + Level 10.5 Long Blades
 * Level 8.3 Axes
 + Level 0.3 Throwing
 * Level 10.9 Armour
 * Level 7.7 Dodging
 + Level 2.9 Stealth
 + Level 0.3 Shields


You had 11 spell levels left.
You didn't know any spells.
Your spell library was empty.

Dungeon Overview and Level Annotations

Branches:
Dungeon (8/15)             Temple (0/1) D:6            Lair (5/5) D:8
 Shoals (0/4) Lair:2        Snake (0/4) Lair:2
  Slime: Lair:4-5

Altars:
Fedhas
Trog
Xom

Annotations:
Lair:3 Snorg
Lair:4 3 runed translucent doors, FelidPro's ghost, journeyman OpAE


Innate Abilities, Weirdness & Mutations

You are immune to sickness and miasma.
Your stone body is resilient. (AC +8)
You are immune to poison.
You resist negative energy. (rN+)
You are resistant to electric shocks. (rElec)
You are resistant to unholy torment.
You are immune to petrification.


Message History

Unknown command.
You barely miss the 16-headed hydra.
The 16-headed hydra is moderately wounded.
You hack one of the 16-headed hydra's heads off!
The 15-headed hydra grows two more!
You slash the 17-headed hydra!
The 17-headed hydra seems to slow down.
You freeze the 17-headed hydra.
The 17-headed hydra is heavily wounded.
The 17-headed hydra bites you but does no damage. x2
The 17-headed hydra bites you!
* * * LOW HITPOINT WARNING * * *
The 17-headed hydra bites you.
* * * LOW HITPOINT WARNING * * *
The 17-headed hydra bites you but does no damage.
The 17-headed hydra bites you!
* * * LOW HITPOINT WARNING * * *
The 17-headed hydra bites you but does no damage.
The 17-headed hydra bites you!
* * * LOW HITPOINT WARNING * * *
The 17-headed hydra barely misses you. The 17-headed hydra bites you.
* * * LOW HITPOINT WARNING * * *
The 17-headed hydra bites you but does no damage. x2
The 17-headed hydra barely misses you.
The 17-headed hydra bites you but does no damage.
You block the 17-headed hydra's attack. The 17-headed hydra bites you.
* * * LOW HITPOINT WARNING * * *
The 17-headed hydra misses you.
You barely miss the 17-headed hydra.
The 17-headed hydra is heavily wounded.
Unknown command.
You lop one of the 17-headed hydra's heads off!
The 16-headed hydra grows two more!
You slice the 18-headed hydra!!
The 18-headed hydra seems to slow down.
You freeze the 18-headed hydra.
The 18-headed hydra is severely wounded.
The 18-headed hydra misses you. The 18-headed hydra bites you.
* * * LOW HITPOINT WARNING * * *
The 18-headed hydra misses you.
The 18-headed hydra closely misses you. x2
You block the 18-headed hydra's attack.
The 18-headed hydra bites you but does no damage. x2
The 18-headed hydra bites you!
You die...

... #.. #.. #.......#..
#.. ###.......#.# #..
###..§......#.# W# #..
#....§#.....#h##.## #..
##.§§.......#/......#..
#..§§D@§....#F.....F#..
####§.......###+++###..
####§...............
#................
#.##............#
#########........
#........ ##..##...
######P.


You could see a 18-headed hydra (slow).

Vanquished Creatures
  A two-headed ogre (D:8)
  The ghost of hattey the Fighter, a novice HuWn of Okawaru (D:5)
  4 elephants (Lair:3)
  2 black mambas
  A torpor snail (Lair:2)
  6 cane toads
  7 komodo dragons
  Psyche (D:8)
  4 polar bears
  2 hornets (Lair:5)
  5 dream sheep (D:8)
  A snapping turtle (Lair:2)
  2 shadows (D:8)
  8 spriggans (Lair:5)
  2 wyverns
  15 yaks
  A basilisk (Lair:5)
  6 water moccasins
  3 ice beasts (D:5)
  An orc warrior (D:8)
  A black bear (Lair:5)
  3 sky beasts
  3 boggarts (Lair:5)
  An ogre (D:6)
  14 wolves
  2 centaurs (D:7)
  A gnoll sergeant (D:8)
  12 bullfrogs
  A kobold brigand (D:6)
  A scorpion (D:6)
  6 killer bees (D:8)
  6 electric eels (D:8)
  A wyvern simulacrum (D:5)
  5 hounds
  Crazy Yiuf (D:7)
  A water moccasin simulacrum (D:5)
  2 iguanas (D:6)
  Terence (D:3)
  5 orc wizards
  Ijyb (D:3)
  2 bullfrog simulacra (D:5)
  A scorpion simulacrum (D:5)
  3 gnolls (D:8)
  10 adders
  A shadow imp (D:8)
  3 white imps
  2 worms (D:2)
  4 dart slugs
  37 orcs
  9 ball pythons
  10 bats
  4 endoplasms
  4 giant cockroaches
  12 goblins
  4 hobgoblins
  2 jackals (D:2)
  7 quokkas
  3 frilled lizards
  9 kobolds
  10 rats
278 creatures vanquished.

Vanquished Creatures (collateral kills)
  A komodo dragon (Lair:2)
  3 yaks (Lair:2)
  3 wolves (Lair:1)
  A sleepcap (D:8)
  An orc wizard (D:8)
9 creatures vanquished.

Grand Total: 287 creatures vanquished

Notes
Turn   | Place    | Note
-------+----------+-------------------------------------------
     0 | D:1      | Gargoyl the Gargoyle Berserker began the quest for the Orb.
     0 | D:1      | Reached XP level 1. HP: 14/14 MP: 1/1
   190 | D:1      | Reached XP level 2. HP: 14/19 MP: 2/2
   791 | D:2      | Reached XP level 3. HP: 22/24 MP: 3/3
   876 | D:2      | Reached ** piety under Trog
  1361 | D:2      | Identified the +4 long sword of Jiti {freeze, Dex+3}
  1426 | D:2      | Found a faded altar of an unknown god.
  1440 | D:2      | Reached XP level 4. HP: 29/29 MP: 4/4
  1805 | D:3      | Noticed Ijyb
  1811 | D:3      | Killed Ijyb
  1841 | D:3      | Reached XP level 5. HP: 33/33 MP: 5/5
  1860 | D:3      | Reached *** piety under Trog
  2083 | D:3      | Noticed Terence
  2087 | D:3      | Killed Terence
  2088 | D:3      | Reached skill level 1 in Long Blades
  2937 | D:4      | Reached XP level 6. HP: 38/38 MP: 6/6
  3110 | D:5      | Entered Level 5 of the Dungeon
  3212 | D:5      | Noticed an ice beast
  3219 | D:5      | Killed an ice beast
  3307 | D:5      | Found a runed translucent gate.
  3307 | D:5      | Found a runed translucent gate.
  3307 | D:5      | Found a runed translucent gate.
  3390 | D:5      | Noticed an ice beast
  3390 | D:5      | Noticed hattey's ghost (novice HuWn)
  3493 | D:5      | Reached **** piety under Trog
  3857 | D:5      | Noticed an ice beast
  3871 | D:5      | Killed an ice beast
  3872 | D:5      | Reached XP level 7. HP: 42/44 MP: 7/7
  4307 | D:5      | Killed hattey's ghost
  4308 | D:5      | Reached skill level 5 in Axes
  4308 | D:5      | Reached skill level 5 in Armour
  4308 | D:5      | Reached XP level 8. HP: 27/48 MP: 8/8
  4466 | D:6      | Found a staircase to the Ecumenical Temple.
  4480 | D:6      | Reached skill level 5 in Fighting
  4545 | D:6      | Reached skill level 5 in Long Blades
  4861 | D:6      | Noticed a wyvern
  4865 | D:6      | Killed a wyvern
  4866 | D:6      | Reached XP level 9. HP: 33/54 MP: 9/9
  5033 | D:6      | Found a bloodstained altar of Trog.
  5851 | D:7      | Found a runed translucent door.
  5852 | D:7      | Noticed Crazy Yiuf
  6076 | D:7      | Killed Crazy Yiuf
  6117 | D:8      | Noticed a two-headed ogre
  6130 | D:8      | HP: 3/81 [two-headed ogre/+0 giant club (5)]
  6131 | D:8      | Killed a two-headed ogre
  6373 | D:8      | Found a staircase to the Lair.
  6722 | D:8      | Reached XP level 10. HP: 54/60 MP: 10/10
  7091 | D:8      | Noticed Psyche
  7109 | D:8      | Killed Psyche
  7582 | D:8      | Found the +5 robe of Night {Dark Will+ SInv}
  7716 | Lair:1   | Entered Level 1 of the Lair of Beasts
  7746 | Lair:1   | Noticed a cane toad
  7772 | Lair:1   | Killed a cane toad
  7773 | Lair:1   | Reached skill level 5 in Dodging
  7876 | Lair:1   | Identified the +6 dagger of Xom's Righteous Anger {elec,
                  | Int+2}
  7914 | Lair:1   | Reached XP level 11. HP: 28/66 MP: 11/11
  8071 | Lair:1   | Found a blossoming altar of Fedhas.
  8700 | Lair:1   | Reached skill level 1 in Stealth
  9256 | Lair:2   | Reached skill level 10 in Armour
  9278 | Lair:2   | Identified the +5 whip "Giantbane" {heavy, Int+3}
  9297 | Lair:2   | Found a staircase to the Snake Pit.
  9317 | Lair:2   | HP: 2/99 [yak[a torpor snail] (8)]
  9955 | Lair:2   | Found a staircase to the Shoals.
 10328 | Lair:3   | Identified the +0 scale mail of the King of the Hill
                  | {Dex+4}
 10419 | Lair:3   | Noticed Snorg
 11040 | Lair:3   | Reached XP level 12. HP: 72/72 MP: 12/12
 11551 | Lair:4   | Found a shimmering altar of Xom.
 11568 | Lair:4   | You fall into a shaft and drop 1 floor!
 11568 | Lair:5   | Entered Level 5 of the Lair of Beasts
 11568 | Lair:5   | Noticed a death yak
 11568 | Lair:5   | Noticed a death yak
 11568 | Lair:5   | Noticed a death yak
 11568 | Lair:5   | Noticed a death yak
 11572 | Lair:5   | Noticed a death yak
 11572 | Lair:5   | Noticed a death yak
 11575 | Lair:5   | Reached skill level 10 in Long Blades
 11635 | Lair:5   | Noticed a death yak
 11635 | Lair:5   | Noticed a death yak
 11638 | Lair:5   | Noticed a death yak
 12106 | Lair:5   | Noticed a four-headed hydra
 12122 | Lair:5   | Noticed an eight-headed hydra
 12246 | Lair:4   | Found a runed translucent gate.
 12246 | Lair:4   | Found a runed translucent gate.
 12246 | Lair:4   | Found a runed translucent gate.
 12275 | Lair:4   | Noticed FelidPro's ghost (journeyman OpAE)
 12283 | Lair:4   | Noticed a five-headed hydra
 12305 | Lair:4   | HP: 4/112 [17-headed hydra (3)]
 12307 | Lair:4   | Mangled by an 18-headed hydra

Illustrated notes

Levels and vault maps discovered:
D:1:      dpeg_arrival_another_circle, layout_basic,
          hangedman_abyss_or_decor_lesser_grid, chequers_serial_rivers_marsh,
          grunt_decor_resistance, minmay_misc_feat_cross, minmay_bisected
D:2:      layout_basic, shapermc_ecumenical_altar_mp_ritualfount,
          kennysheep_generic_room_8
D:3:      minmay_inner_zag, layout_loops_ring, uniq_ijyb, uniq_terence
D:4:      nicolae_cairo_tiling, layout_basic, wad_orctagon
D:5:      layout_loops_ring, gammafunk_ghost_icy, wad_floor_pattern_untrapped
D:6:      layout_loops_corners, mainiacjoe_overflow_surrounded_room,
          minmay_temple_entry_sparse_star
D:7:      layout_rooms, uniq_crazy_yiuf_cottage
D:8:      layout_gridville, erik_lair_island, hellmonk_guarded_unrand_night,
          uniq_psyche
Lair:1:   layout_regular_city, basic_altar, infiniplex_staircase_pool
Lair:2:   layout_big_grid, minmay_shoals_entry_hut, dummy_snake_entry,
          lemuel_fruit_fields
Lair:3:   layout_cave_pods, grunt_megastairs_5, uniq_snorg
Lair:4:   layout_misc_corridors, gammafunk_ghost_split, basic_altar,
          special_room [special_room_bee], chequers_serial_rivers_micro_e,
          nzn_masters_of_martial_movement
Lair:5:   minmay_lair_end_enchanted_forest, layout_gridlike,
          minmay_slime_entry_oklob_open, chequers_serial_rivers_large_b,
          evilmike_ambush [evilmike_ambush_outer_basic,
          evilmike_ambush_inner_basic]

Skill      XL: |  1  2  3  4  5  6  7  8  9 10 11 12 |
---------------+-------------------------------------+-----
Axes           | 3 4 5 6 7 8 |  8.3
Dodging        | 2 3 4 5 6 7 |  7.7
Fighting       | 4 5 6 7 8 |  8.3
Long Blades    | 1 3 4 5 6 8 9 10 | 10.5
Armour         | 3 4 5 6 8 9 10 | 10.9
Stealth        | 2 |  2.9
Throwing       | |  0.3
Shields        | |  0.3

Action                     |  1- 3 |  4- 6 |  7- 9 | 10-12 || total
---------------------------+-------+-------+-------+-------++-------
  Melee: Hand axe          |    77 |       |     4 |   101 ||   182
         War axe           |    42 |       |       |       ||    42
         Long sword        |     3 |   162 |   243 |   580 ||   988
         Punch             |     1 |     1 |     4 |     8 ||    14
  Throw: Dart              |       |       |       |     8 ||     8
 Invoke: Berserk           |     1 |     3 |     6 |    17 ||    27
         Trog's Hand       |       |       |     4 |    19 ||    23
         Brothers in Arms  |       |       |       |     3 ||     3
    Use: Scroll            |     2 |    13 |     5 |    13 ||    33
         Potion            |       |       |     1 |     1 ||     2
   Stab: Sleeping          |       |       |       |     3 ||     3
 Armour: Animal skin       |    34 |       |       |       ||    34
         Ring mail         |    25 |    89 |       |       ||   114
         Plate armour      |       |     8 |   254 |   115 ||   377
         Robe              |       |       |       |   357 ||   357
  Dodge: Dodged            |    99 |   112 |    88 |   599 ||   898
  Block: Buckler           |       |       |       |    42 ||    42

Table legend: (Time is in decaauts)
 A = Elapsed time spent in this place.
 B = Non-inter-level travel time spent in this place.
 C = Inter-level travel time spent in this place.
 D = Time resting spent in this place.
 E = Time spent auto-exploring this place.
 F = Levels seen in this place.
 G = Mean time per level.
                   A        B        C        D        E       F      G
               +--------+--------+--------+--------+--------+-----+--------+
         Total |  12651 |  12348 |    303 |   1292 |   8208 |  13 |  973.2 |
       Dungeon |   7956 |   7716 |    240 |    591 |   5322 |   8 |  994.5 |
          Lair |   4694 |   4632 |     62 |    701 |   2886 |   5 |  938.8 |
               +--------+--------+--------+--------+--------+-----+--------+

Top non-repeatable levels by time:
  Lair:1: 1538 daAuts
     D:8: 1508 daAuts
     D:5: 1409 daAuts
  Lair:3: 1147 daAuts
  Lair:2: 1128 daAuts
     D:6: 1025 daAuts
     D:2: 850 daAuts
     D:1: 809 daAuts
     D:7: 809 daAuts
     D:3: 803 daAuts
     D:4: 740 daAuts
  Lair:5: 670 daAuts
  Lair:4: 210 daAuts
